[Event "*** Titled Tuesday Blitz"]
[Site "Chess.com"]
[Date "2020.10.20"]
[Round "3"]
[White "GMKrikor"]
[Black "ristingho"]
[Result "1-0"]
[WhiteElo "2798"]
[BlackElo "2421"]
[TimeControl "180+1"]
[EndTime "10:28:04 PDT"]
[Termination "GMKrikor won by resignation"]

1. e4 c5 2. Nf3 Nc6 3. Bb5 e6 4. O-O Nge7 5. d4 cxd4 6. Nxd4 Nxd4 7. Qxd4 Nc6 8. Bxc6 bxc6 9. e5 Be7 10. Nc3 O-O 11. Ne4 Qb6 12. Be3 Rb8 13. b3 f6 14.
f4 fxe5 15. fxe5 Rxf1+ 16. Rxf1 Qxd4 17. Bxd4 a5 18. c4 a4 19. Rf3 axb3 20. axb3 Ra8 21.
Bc5 Bxc5+ 22. Nxc5 Ra2 23. Re3 Kf7 24. Ne4 Ba6 25. Nd6+ Kg8 26. h3 h6 27. Kh2 Kh7 28. Ne4 Bc8 29. Nc5 Kg6 30. Kg3 Kf5 31. Kf3 h5 32. g4+ hxg4+ 33. hxg4+ Kg5 34. Kg3 Kg6 35. Kf4 Rf2+ 36. Rf3 Re2 37. Rh3 d6 38. exd6 e5+ 39. Kf3 Rd2 40. Rh8 Bxg4+ 41. Kxg4 Rxd6 42. Kf3 Rd4 43. Ke3 Kf5 44. Rf8+ Kg4 45. Nd3 c5 46.
Nxe5+ Kg3 47. Nd3 Rd6 48. Nxc5 1-0

[Event "*** Titled Tuesday Blitz"]
[Site "Chess.com"]
[Date "2020.10.20"]
[Round "3"]
[White "ural58"]
[Black "TV27"]
[Result "1-0"]
[WhiteElo "2336"]
[BlackElo "2055"]
[TimeControl "180+1"]
[EndTime "10:28:05 PDT"]
[Termination "ural58 won on time"]

1. e4 c5 2. b3 Nc6 3. Bb2 e5 4. f4 d6 5. Qf3 Nf6 6. Bb5 Qb6 7. c4 Be7 8. Nc3 O-O 9. Bxc6 bxc6 10. Nge2 Bg4 11.
Qe3 d5 12. exd5 cxd5 13. Na4 Qc6 14. fxe5 Ne4 15. d3 Bg5 16. Nf4 d4 17. Qxe4 Qxe4+ 18. dxe4 Bxf4 19. Nxc5 Bxe5 20. Nd3 Rfe8 21. Kd2 Bf6 22.
Rae1 a5 23. h3 Bg5+ 24. Kc2 Bd7 25. Bxd4 a4 26. b4 Rac8 27. c5 Bb5 28. Ne5 Rcd8 29. Nf3 Bf6 30. Bxf6 Bd3+ 31. Kc3 gxf6 32. e5 Bb5 33.
Rd1 fxe5 34. Rxd8 Rxd8 35. Nxe5 Re8 36. Re1 f6 37. Nf3 Rd8 38. Nd4 Rf8 39. Nxb5 1-0

[Event "*** Titled Tuesday Blitz"]
[Site "Chess.com"]
[Date "2020.10.20"]
[Round "3"]
[White "JoachimMouhamad"]
[Black "pedro_nascimento85"]
[Result "1-0"]
[WhiteElo "2310"]
[BlackElo "2004"]
[TimeControl "180+1"]
[EndTime "10:28:06 PDT"]
[Termination "JoachimMouhamad won by resignation"]

1. e4 e6 2. d4 d5 3. Nc3 Bb4 4. e5 Ne7 5. a3 Bxc3+ 6. bxc3 c5 7. Qg4 cxd4 8. cxd4 Qc7 9. Bd2 Qxc2 10. Ne2 Qg6 11. Qh3 Nbc6 12. Rc1 Bd7 13. f3 Nf5 14.
Bc3 O-O 15. Kf2 f6 16. Qg4 fxe5 17. Qxg6 hxg6 18. dxe5 d4 19. Bb4 Rf7 20. f4 Rc8 21.
Bd2 g5 22. g3 gxf4 23. gxf4 Nh6 24. Bh3 Nxe5 25. Rxc8+ Bxc8 26. Nxd4 Neg4+ 27. Kg3 e5 28. fxe5 Nf2 29. Bxc8 Nxh1+ 30. Kg2 Rf2+ 31. Kxh1 Rxd2 32.
Nf3 Ra2 33. Be6+ 1-0

[Event "*** Titled Tuesday Blitz"]
[Site "Chess.com"]
[Date "2020.10.20"]
[Round "3"]
[White "Pikachess999"]
[Black "GameOverBro"]
[Result "0-1"]
[WhiteElo "2349"]
[BlackElo "2544"]
[TimeControl "180+1"]
[EndTime "10:28:08 PDT"]
[Termination "GameOverBro won by resignation"]

1. e4 d6 2. Nc3 Nf6 3. g3 g6 4.
Bg2 Bg7 5. d3 c5 6. f4 Nc6 7. h3 h5 8. Nce2 Qd7 9. Nf3 b5 10.
O-O Bb7 11. Be3 a5 12. Qd2 c4 13. Nfd4 cxd3 14. cxd3 Nxd4 15. Bxd4 e5 16. Be3 O-O 17.
f5 d5 18. exd5 Bxd5 19. d4 Bxg2 20. Kxg2 Qd5+ 21. Kh2 Ne4 22. Qd3 Rad8 23. fxg6 fxg6 24.
Rxf8+ Rxf8 25. Qb3 Qxb3 26. axb3 Rf3 27. Bg1 Rxb3 28.
Ra2 a4 29. Kg2 Rd3 30. dxe5 Bxe5 31. g4 hxg4 32. hxg4 Rd2 33. Kf3 Ng5+ 34. Ke3 Rxb2 35. Rxb2 Bxb2 36. Kd2 Nf3+ 37. Kc2 Nxg1 38. Nxg1 Bf6 39.
Nh3 b4 40. Nf4 b3+ 41. Kb1 a3 0-1

[Event "*** Titled Tuesday Blitz"]
[Site "Chess.com"]
[Date "2020.10.20"]
[Round "3"]
[White "lacafi"]
[Black "Zmeeed63"]
[Result "0-1"]
[WhiteElo "2120"]
[BlackElo "2355"]
[TimeControl "180+1"]
[EndTime "10:28:08 PDT"]
[Termination "Zmeeed63 won by resignation"]

1. d4 Nf6 2. Nf3 e6 3. e3 d5 4. Bd3 Be7 5. Nbd2 O-O 6. Qe2 c5 7. c3 b6 8. O-O Bb7 9. e4 Nc6 10. e5 Ne8 11. Re1 Rc8 12. Nf1 cxd4 13. Nxd4 Qd7 14.
Ng3 Bc5 15. Qg4 g6 16. Bh6 Ng7 17. Bxg7 Kxg7 18. Nh5+ Kh8 19. Nf6 Qe7 20. Qh4 h5 21. Qg5 Kg7 22. Nxc6 Bxc6 23. Nxh5+ Kh7 24. Nf6+ Kg7 25. b4 Bxb4 26. cxb4 Qxb4 27. Re3 Rh8 28. Ng4 Qd4 29. Qf6+ Kg8 30. Rf3 Qxa1+ 31. Bf1 Rf8 32. Qe7 Bb5 33. Nf6+ Kg7 0-1

[Event "*** Titled Tuesday Blitz"]
[Site "Chess.com"]
[Date "2020.10.20"]
[Round "3"]
[White "paulrusan"]
[Black "JoliyRoger"]
[Result "1-0"]
[WhiteElo "2226"]
[BlackElo "2444"]
[TimeControl "180+1"]
[EndTime "10:28:10 PDT"]
[Termination "paulrusan won on time"]

1. e4 c6 2. d4 d5 3. f3 dxe4 4. fxe4 e5 5. Nf3 Bg4 6. Bc4 Nf6 7. Bxf7+ Kxf7 8. Nxe5+ Kg8 9. Nxg4 Nxg4 10. Qxg4 Qe8 11.
Nc3 h5 12. Qf3 Qg6 13. O-O Bb4 14. e5 Bxc3 15. bxc3 Nd7 16. Ba3 Kh7 17. Rab1 Nb6 18. Bc5 Qxc2 19. Qxh5+ Kg8 20. Qf7+ Kh7 21. Rbe1 Qg6 22.
Qxb7 Nd5 23. e6 Rac8 24. Qf7 Nxc3 25. Re3 Qxf7 26. exf7 Nd5 27. Rh3+ Kg6 28. Rxh8 1-0

[Event "*** Titled Tuesday Blitz"]
[Site "Chess.com"]
[Date "2020.10.20"]
[Round "3"]
[White "cassoulet"]
[Black "Fischerev7"]
[Result "1-0"]
[WhiteElo "2693"]
[BlackElo "2406"]
[TimeControl "180+1"]
[EndTime "10:28:11 PDT"]
[Termination "cassoulet won on time"]

1. d4 Nf6 2. c4 e6 3. Nc3 Bb4 4. e3 O-O 5. Bd2 Re8 6. Nf3 b6 7. Rc1 Bb7 8. Bd3 d6 9. a3 Bxc3 10. Bxc3 Nbd7 11. O-O Ne4 12. b4 c5 13. Bb2 f5 14.
dxc5 bxc5 15. Nd2 a5 16. b5 Ndf6 17. Nxe4 Nxe4 18. f3 Nf6 19. Qe2 Qe7 20. Rcd1 Rad8 21. e4 fxe4 22. fxe4 e5 23. Bc3 a4 24. Rf3 Kh8 25.
Rdf1 Rf8 26. Bc2 g6 27. h3 Nh5 28. Bd2 Rxf3 29. Qxf3 Kg7 30. Kh2 Ra8 31. Bd1 h6 32.
Qe3 Rh8 33. Bxh5 gxh5 34. Qg3+ Kh7 35. Qf3 Rg8 36. Qxh5 Qg7 37. Rf7 1-0

[Event "*** Titled Tuesday Blitz"]
[Site "Chess.com"]
[Date "2020.10.20"]
[Round "3"]
[White "coco_crc"]
[Black "MidnightFox"]
[Result "0-1"]
[WhiteElo "2177"]
[BlackElo "2434"]
[TimeControl "180+1"]
[EndTime "10:28:11 PDT"]
[Termination "MidnightFox won by resignation"]

1. e4 e5 2. Nf3 Nc6 3. c3 Nf6 4.
d4 d5 5. Bb5 Nxe4 6. Nxe5 Qf6 7. O-O Be7 8. Nd2 Nxd2 9. Bxd2 O-O 10. Nxc6 bxc6 11. Bd3 Bf5 12. Bxf5 Qxf5 13. Re1 Bd6 14. Qa4 c5 15. dxc5 Bxc5 16. Be3 Bd6 17. Rad1 h6 18.
Qb5 Rfd8 19. Qd3 Qh5 20. h3 c6 21. Bd4 Qg5 22. Qe3 Bf4 23. Qe7 a5 24. Qxg5 Bxg5 25. b3 a4 26. b4 a3 27. g3 Re8 28. f4 Be7 29. Re2 Bd6 30. Rde1 Rxe2 31. Rxe2 f6 32. Re6 Rd8 33. Bc5 Bxc5+ 34. bxc5 Rb8 35. Rxc6 Rb1+ 36. Kg2 Rb2+ 37. Kf3 Rxa2 38. Ra6 Kf7 39. Ra7+ Ke6 40. Rxg7 Rc2 41. Ra7 Rxc3+ 42. Kg4 d4 43. c6 d3 44. c7 d2 45. f5+ Ke5 46. Ra5+ Ke4 47. Ra4+ Ke3 48. c8=Q d1=Q+ 0-1

[Event "*** Titled Tuesday Blitz"]
[Site "Chess.com"]
[Date "2020.10.20"]
[Round "3"]
[White "Hikaru"]
[Black "Lagmantr"]
[Result "1-0"]
[WhiteElo "3226"]
[BlackElo "2729"]
[TimeControl "180+1"]
[EndTime "10:28:15 PDT"]
[Termination "Hikaru won on time"]

1. Nf3 d5 2. e3 b6 3. c4 Bb7 4.
cxd5 Nf6 5. e4 c6 6. dxc6 Nxc6 7. Nc3 e5 8. Bb5 Bd6 9. d4 exd4 10. Nxd4 Rc8 11. Nf5 Bb4 12. Nxg7+ Kf8 13. Qxd8+ Nxd8 14. Bh6 Ng4 15. Ne6+ Ke7 16. Nxd8 Rhxd8 17. Bf4 a6 18.
Ba4 Rxc3 19. bxc3 Bxc3+ 20. Ke2 Bxa1 21. Rxa1 Bxe4 22. f3 Bd3+ 23. Ke1 Nf6 24. Bb3 b5 25. Kf2 Bc4 26. Re1+ Kf8 27. Bh6+ Kg8 28. Re5 Rd5 29.
Re7 Bxb3 30. Ra7 Rd8 31. axb3 Nd5 32. Rxa6 Rc8 33. g4 f6 34. Ra7 Rc2+ 35. Kg3 Rc3 36.
Rg7+ Kh8 37. Rd7 1-0

[Event "*** Titled Tuesday Blitz"]
[Site "Chess.com"]
[Date "2020.10.20"]
[Round "3"]
[White "Mikasinski"]
[Black "MasterSonnevanck23"]
[Result "1-0"]
[WhiteElo "2545"]
[BlackElo "2349"]
[TimeControl "180+1"]
[EndTime "10:28:17 PDT"]
[Termination "Mikasinski won by resignation"]

1. e4 d6 2. d4 Nf6 3. Nc3 g6 4. f4 Bg7 5. Nf3 O-O 6. e5 dxe5 7.
fxe5 Nd5 8. Bc4 Be6 9. Bb3 Nxc3 10. bxc3 Bxb3 11. axb3 c5 12. O-O Nc6 13. Be3 cxd4 14. cxd4 e6 15. Qd3 Nb4 16. Qe2 Nd5 17. Bd2 Qb6 18. c4 Ne7 19. b4 Nf5 20. Bc3 Rad8 21. b5 a6 22. Ba5 Qa7 23. Bxd8 Rxd8 24. Rfd1 Qb6 25. bxa6 bxa6 26. c5 Qb4 27. Qd2 Qb7 28. Qc3 Qe4 29. Re1 Qg4 30. c6 Nxd4 31. Nxd4 Bxe5 32.
Rxe5 Rxd4 33. c7 Rd1+ 34. Rxd1 Qxd1+ 35. Re1 1-0

[Event "*** Titled Tuesday Blitz"]
[Site "Chess.com"]
[Date "2020.10.20"]
[Round "3"]
[White "Durarbayli"]
[Black "korbul"]
[Result "0-1"]
[WhiteElo "2777"]
[BlackElo "2536"]
[TimeControl "180+1"]
[EndTime "10:28:18 PDT"]
[Termination "korbul won by checkmate"]

1. e4 c5 2. b3 b6 3. c4 Bb7 4. Nc3 Nc6 5. Nf3 e5 6. g3 d6 7. Bg2 g6 8. O-O Bg7 9. Ne1 Nge7 10. f4 exf4 11. gxf4 f5 12. Rb1 O-O 13. Bb2 Nd4 14. d3 Qd7 15. Bh3 Rae8 16. Ng2 Qc7 17. Qd2 a6 18. Rbe1 b5 19. Ne3 fxe4 20. dxe4 b4 21.
Ncd5 Nxd5 22. Nxd5 Bxd5 23. cxd5 Kh8 24. Kh1 a5 25. Qd3 a4 26. Bxd4 Bxd4 27. Be6 Ra8 28. e5 axb3 29. axb3 Ra2 30. Rf3 Rfa8 31. Qe4 Ra1 32.
Rxa1 Rxa1+ 33. Kg2 Rg1+ 34. Kh3 Qg7 35. Rg3 Qh6+ 36.
Kg4 Qh5# 0-1

[Event "*** Titled Tuesday Blitz"]
[Site "Chess.com"]
[Date "2020.10.20"]
[Round "3"]
[White "Gloomy_Wanderer"]
[Black "Firouzja2003"]
[Result "0-1"]
[WhiteElo "2715"]
[BlackElo "3007"]
[TimeControl "180+1"]
[EndTime "10:28:19 PDT"]
[Termination "Firouzja2003 won by resignation"]

1. d4 Nf6 2. Nf3 e6 3. c4 d5 4. g3 Be7 5. Bg2 O-O 6. O-O Nbd7 7. Qc2 c6 8. Nbd2 b6 9. e4 Ba6 10. b3 Rc8 11. Bb2 dxe4 12. Nxe4 Nxe4 13. Qxe4 b5 14. c5 b4 15. Rfe1 Bb5 16. a4 bxa3 17. Rxa3 a6 18. Qc2 Qc7 19. Nd2 Rfd8 20. Nc4 Nf6 21. Nb6 Rb8 22. Raa1 h6 23. Rad1 Nd5 24. Nxd5 cxd5 25.
Bc3 Bc6 26. Ra1 Qb7 27. b4 Bf6 28. f4 Ra8 29. Bf1 Bb5 30. Ra5 Bxf1 31. Rxf1 Rdb8 32.
Qd3 Bd8 33. Ra3 Qc6 34. Rfa1 Rb5 35. f5 exf5 36. Qxf5 Bf6 37. Re1 Rbb8 38. Qd3 Re8 39. Rxe8+ Qxe8 40. Rxa6 Rxa6 41. Qxa6 Qe3+ 42. Kg2 Qe4+ 43.
Kf2 Qc2+ 44. Kg1 Bg5 45. Be1 Be3+ 46. Kf1 Qe4 47. Ke2 Bxd4+ 48. Kd1 Qb1+ 49. Ke2 Qc2+ 50. Bd2 Qe4+ 51. Kd1 Be5 52. Qa3 d4 53. Kc1 d3 54.
b5 Qh1+ 0-1

[Event "*** Titled Tuesday Blitz"]
[Site "Chess.com"]
[Date "2020.10.20"]
[Round "3"]
[White "DrVitman"]
[Black "Anton_Demchenko"]
[Result "1-0"]
[WhiteElo "2462"]
[BlackElo "2821"]
[TimeControl "180+1"]
[EndTime "10:28:19 PDT"]
[Termination "DrVitman won on time"]

1. e4 c5 2. Nc3 d6 3. d4 cxd4 4. Qxd4 a6 5. b3 e6 6. Bb2 b5 7.
O-O-O Bb7 8. f4 Nd7 9. Nf3 Qb6 10. Qd2 Rc8 11. Bd3 Nc5 12. Rhe1 b4 13. Nd5 exd5 14. exd5+ Ne7 15. Bc4 a5 16. f5 f6 17. Nd4 Ba6 18.
g4 Bxc4 19. bxc4 Nd7 20. Ne6 Rxc4 21. Qe2 Rc7 22. Nxg7+ Kd8 23. Ne6+ Kc8 24. Nxc7 Kxc7 25. Qe6 Bh6+ 26. Kb1 Nc8 27. Bxf6 Nxf6 28. Qxf6 Rd8 29. Qxh6 a4 30. Rd3 Kb8 31. f6 Qc7 32. Qf4 Rf8 33. g5 Na7 34. Re7 1-0

[Event "*** Titled Tuesday Blitz"]
[Site "Chess.com"]
[Date "2020.10.20"]
[Round "3"]
[White "beto-betun"]
[Black "LastHeroJr"]
[Result "1-0"]
[WhiteElo "2187"]
[BlackElo "2399"]
[TimeControl "180+1"]
[EndTime "10:28:19 PDT"]
[Termination "beto-betun won on time"]

1. d4 Nf6 2. Nf3 g6 3. g3 Bg7 4. Bg2 O-O 5. O-O d6 6. c4 Nbd7 7. b3 e5 8. Bb2 e4 9. Ng5 e3 10.
f3 d5 11. Nh3 Re8 12. Na3 c6 13. Nf4 Nb6 14. Rc1 Bf5 15. Nd3 Qe7 16. c5 Nbd7 17. b4 a6 18. Nc2 h5 19. a4 Bh6 20. Rb1 Nf8 21. Ne5 N6d7 22. f4 f6 23. Nd3 Be4 24.
Bxe4 Qxe4 25. Rf3 g5 26. Bc1 Qg6 27. Bxe3 g4 28. Rf2 Qf5 29. Qd2 Ng6 30. b5 axb5 31. axb5 Ra2 32. Ndb4 Raa8 33. bxc6 bxc6 34. Nxc6 h4 35. Qd3 Qxd3 36. exd3 1-0

[Event "*** Titled Tuesday Blitz"]
[Site "Chess.com"]
[Date "2020.10.20"]
[Round "3"]
[White "kiborg1987"]
[Black "simplerXiao"]
[Result "1-0"]
[WhiteElo "2816"]
[BlackElo "2423"]
[TimeControl "180+1"]
[EndTime "10:28:20 PDT"]
[Termination "kiborg1987 won by checkmate"]

1. d4 d5 2. c4 e6 3. Nc3 Nf6 4. cxd5 exd5 5. Bg5 Be7 6. e3 c6 7. Bd3 h6 8. Bh4 Nbd7 9. f3 Nf8 10.
Nge2 Ne6 11. O-O O-O 12. Qd2 a5 13. Rad1 b5 14. Bf2 b4 15. Na4 c5 16. dxc5 Nxc5 17. Nxc5 Bxc5 18. Nd4 Qb6 19. Rfe1 a4 20. b3 Bd7 21.
Rc1 Rfe8 22. Bc2 g6 23. bxa4 Bxd4 24. exd4 Kg7 25. Be3 h5 26. Bf4 Bxa4 27. Rxe8 Nxe8 28. Bb1 b3 29. axb3 Qxb3 30. h3 Kh7 31. Be5 Ng7 32. Qg5 Qb6 33. Kh2 Qe6 34. Re1 Qd7 35. g4 hxg4 36.
hxg4 Ra6 37. Kg3 Kg8 38. Rh1 f5 39. gxf5 Nxf5+ 40. Bxf5 Qxf5 41. Rh8+ Kf7 42. Rh7+ Kg8 43. Qd8+ Kxh7 44. Qh8# 1-0

[Event "*** Titled Tuesday Blitz"]
[Site "Chess.com"]
[Date "2020.10.20"]
[Round "3"]
[White "RU_B9"]
[Black "Pavalamalli"]
[Result "0-1"]
[WhiteElo "1776"]
[BlackElo "2277"]
[TimeControl "180+1"]
[EndTime "10:28:20 PDT"]
[Termination "Pavalamalli won on time"]

1. c4 c5 2. Nf3 b6 3. Nc3 Bb7 4.
e3 e6 5. b3 Nf6 6. Bb2 Be7 7.
Be2 O-O 8. O-O d5 9. cxd5 Nxd5 10. Nxd5 Qxd5 11. Rc1 Nc6 12. d3 Rad8 13. a3 e5 14. Qc2 Kh8 15. Rfd1 f6 16. Qc4 Na5 17. Qxd5 Bxd5 18.
b4 cxb4 19. axb4 Bxb4 20. Rc7 Bb7 21. Ra1 Bd6 22. Rc2 Rc8 23. Rxc8 Rxc8 24. Kf1 Rc2 25. Ba3 Bxa3 26. Rxa3 Rc1+ 27. Ne1 Kg8 28. g3 Kf7 29. f4 exf4 30. gxf4 Nc6 31. Kf2 b5 32. Rb3 b4 33. d4 a5 34. Nd3 Ne7 35. Nxc1 Bd5 36. Rb1 Be4 37. Bd3 Bc6 38. Ke2 Nd5 39. Kd2 Nc3 0-1

[Event "*** Titled Tuesday Blitz"]
[Site "Chess.com"]
[Date "2020.10.20"]
[Round "3"]
[White "ajgreen"]
[Black "AndrewMaco"]
[Result "0-1"]
[WhiteElo "2398"]
[BlackElo "2623"]
[TimeControl "180+1"]
[EndTime "10:28:21 PDT"]
[Termination "AndrewMaco won on time"]

1. e4 c6 2. d4 d5 3. e5 Bf5 4.
h4 h5 5. c4 e6 6. Nc3 Bb4 7.
a3 Ba5 8. b4 Bc7 9. c5 f6 10. f4 Bg4 11. Qc2 Nd7 12. Qg6+ Kf8 13. Qb1 Nh6 14. Bd3 Nf5 15. Bxf5 Bxf5 16. Qb2 Qe8 17. Nf3 Qg6 18. Nd1 Be4 19. Kf2 Ke7 20.
b5 Ba5 21. Bd2 Bxd2 22. Qxd2 cxb5 23. a4 bxa4 24. Rxa4 Rhc8 25. Qb4 Ke8 26. Nc3 b6 27. Nb5 bxc5 28. Nd6+ Kf8 29. dxc5 Rxc5 30. Nb7 Rb8 31. Rxa7 Kg8 32. Rha1 Rc2+ 33. Ke3 Qxg2 0-1

[Event "*** Titled Tuesday Blitz"]
[Site "Chess.com"]
[Date "2020.10.20"]
[Round "3"]
[White "TST2014"]
[Black "Kolle05"]
[Result "1-0"]
[WhiteElo "2513"]
[BlackElo "2301"]
[TimeControl "180+1"]
[EndTime "10:28:21 PDT"]
[Termination "TST2014 won by resignation"]

1. d4 Nf6 2. c4 e6 3. Nf3 Bb4+ 4. Bd2 Be7 5. Nc3 O-O 6. e4 d5 7. e5 Ne4 8. Bd3 Nxd2 9. Qxd2 dxc4 10. Bxc4 c5 11. d5 exd5 12. Nxd5 Be6 13. Rd1 Bxd5 14. Bxd5 Qb6 15. O-O Nc6 16. Bxc6 Qxc6 17. Qd7 Rfe8 18. Qxc6 bxc6 19. Rd7 Rab8 20. b3 a5 21. Ra7 Rb5 22.
Rd1 g6 23. h4 c4 24. bxc4 Rc5 25. Rdd7 Kf8 26. Rd4 Rb8 27. g3 h6 28. a4 Rd8 29.
Rf4 Ke8 30. Rb7 Rd3 31. Kg2 g5 32. hxg5 hxg5 33. Rg4 Ra3 34. Rd4 f5 35. e6 Bf6 36.
Rdd7 Bd8 37. Rb8 1-0

[Event "*** Titled Tuesday Blitz"]
[Site "Chess.com"]
[Date "2020.10.20"]
[Round "3"]
[White "kingofthenil"]
[Black "Ty3oB"]
[Result "0-1"]
[WhiteElo "2445"]
[BlackElo "2253"]
[TimeControl "180+1"]
[EndTime "10:28:22 PDT"]
[Termination "Ty3oB won by checkmate"]

1. e4 c5 2. d3 d6 3. g3 Nc6 4.
Bg2 g6 5. Bh6 Bxh6 6. c3 Bg7 7.
f4 Nf6 8. Nf3 O-O 9. O-O e5 10.
Nbd2 Re8 11. f5 d5 12. Nh4 g5 13. Nhf3 h6 14. exd5 Nxd5 15. Qe2 Bxf5 16. Nh4 Be6 17. Nf5 Bxf5 18. Rxf5 Nde7 19. Rf2 Ng6 20. Raf1 Re7 21. Nc4 Qc7 22. Ne3 Rd7 23. Be4 Nce7 24. Rxf7 Nf4 25. gxf4 Kxf7 26. fxg5+ Kg8 27. gxh6 Bxh6 28.
Qg4+ Kh8 29. Rf7 Nf5 30. Rxd7 Bxe3+ 31. Kh1 Qxd7 32. Bxf5 Qg7 33. Qh5+ Qh6 34. Qf7 Bf4 35. h3 Rg8 36. Be6 Rf8 37. Qe7 Be3 38. Bg4 Rf1+ 39.
Kg2 Rf2+ 40. Kh1 Rf1+ 41. Kg2 Rg1+ 42. Kf3 Qf4+ 43. Ke2 Qf2# 0-1

[Event "*** Titled Tuesday Blitz"]
[Site "Chess.com"]
[Date "2020.10.20"]
[Round "3"]
[White "sjam6687"]
[Black "aloe_normansen"]
[Result "1-0"]
[WhiteElo "2638"]
[BlackElo "2335"]
[TimeControl "180+1"]
[EndTime "10:28:22 PDT"]
[Termination "sjam6687 won on time"]

1. d4 Nf6 2. c4 g6 3. Nc3 Bg7 4. e4 d6 5. h3 O-O 6. Nf3 c5 7.
d5 e6 8. Bd3 exd5 9. cxd5 b5 10. Nxb5 Nxe4 11. O-O Nf6 12. Bf4 a6 13. Nxd6 Nxd5 14.
Bh2 Nf6 15. Qc2 Nbd7 16. Rfe1 Ne8 17. Nxe8 Rxe8 18. Rxe8+ Qxe8 19. Re1 Qd8 20. Bc4 Nf8 21. Ne5 Be6 22. Qb3 Bxc4 23. Qxc4 Qe7 24. Nd3 Qd7 25. Be5 Bxe5 26. Nxe5 Qe6 27. Qxc5 Nd7 28. Qd4 Re8 29. Nd3 Qxe1+ 30. Nxe1 Rxe1+ 31. Kh2 Ne5 32. Qd6 h5 33. Qxa6 h4 34. b4 Rc1 35. Qd6 Nc4 36. Qd8+ Kg7 37. a4 Ne5 38. b5 Rc3 39. b6 Rc4 40. Qd5 1-0

[Event "*** Titled Tuesday Blitz"]
[Site "Chess.com"]
[Date "2020.10.20"]
[Round "3"]
[White "TokChess"]
[Black "MisiekZielony"]
[Result "0-1"]
[WhiteElo "2415"]
[BlackElo "2271"]
[TimeControl "180+1"]
[EndTime "10:28:22 PDT"]
[Termination "MisiekZielony won by resignation"]

1. Nf3 Nf6 2. g3 g6 3. Bg2 d5 4.
O-O Bg7 5. d4 O-O 6. Nbd2 Ne4 7.
c4 c6 8. b3 Bf5 9. Bb2 a5 10. Nh4 Nxd2 11. Qxd2 Be6 12. e4 dxc4 13. d5 Bxb2 14. Qxb2 cxd5 15. exd5 c3 16. Qxc3 Bxd5 17.
Rfd1 e6 18. Bxd5 exd5 19. Qc5 Nc6 20. Rxd5 Qf6 21. Rad1 Rfe8 22. Rd6 Qb2 23. Nf3 Qxa2 24. Qd5 Qb2 25. Rd7 Re7 26. Rxe7 Nxe7 27. Qxb7 Re8 28. Rd7 Kf8 29. Ng5 Qc1+ 30. Kg2 Qxg5 31. Qa7 Qf5 32.
Rd4 Qb5 33. Rf4 Qd5+ 34. Kg1 Nf5 0-1

[Event "*** Titled Tuesday Blitz"]
[Site "Chess.com"]
[Date "2020.10.20"]
[Round "3"]
[White "pfalcon1949"]
[Black "Kaslask"]
[Result "0-1"]
[WhiteElo "1986"]
[BlackElo "2302"]
[TimeControl "180+1"]
[EndTime "10:28:22 PDT"]
[Termination "Kaslask won on time"]

1. c4 Nf6 2. Nc3 g6 3. g3 d5 4. cxd5 Nxd5 5. Bg2 Nb6 6. Nf3 Bg7 7. O-O Nc6 8. d3 e5 9. Be3 Nd4 10. Rc1 c6 11. Ne4 O-O 12. Nc5 Nd5 13. Bxd4 exd4 14. Nd2 b6 15. Ncb3 Bb7 16. a3 Re8 17. Re1 Qd7 18. Qc2 Rac8 19. Qc4 c5 20. Ne4 f5 21.
Ng5 h6 22. Nf3 Kh7 23. Nbd2 Nf6 24. b4 Nd5 25. bxc5 Rxc5 26. Qb3 Rxc1 27. Rxc1 Nc3 28. e4 Ne2+ 29. Kf1 Nxc1 30. Qc4 Nxd3 31. Qxd3 fxe4 32. Nxe4 Bxe4 33. Ng5+ hxg5 34. Bxe4 Qe6 35. f3 Rc8 36. Kg2 Rc3 37. Qa6 g4 38. Qxa7 gxf3+ 39. Bxf3 Rxf3 40.
Kxf3 Qe3+ 41. Kg2 d3 0-1

[Event "*** Titled Tuesday Blitz"]
[Site "Chess.com"]
[Date "2020.10.20"]
[Round "3"]
[White "Bigfish1995"]
[Black "slavenok"]
[Result "0-1"]
[WhiteElo "3037"]
[BlackElo "2744"]
[TimeControl "180+1"]
[EndTime "10:28:24 PDT"]
[Termination "slavenok won on time"]

1. c4 c5 2. b3 Nc6 3. Bb2 e6 4. g3 d5 5. Bg2 d4 6. e3 e5 7. f4 exf4 8. exd4 Nxd4 9. Bxd4 cxd4 10. Nf3 fxg3 11. O-O gxh2+ 12. Kh1 Nf6 13. Qe1+ Be7 14.
Qe5 O-O 15. Re1 Be6 16. Nxd4 Bd6 17. Qe3 Re8 18. Nc3 Bd7 19. Qf3 Be5 20. Qxb7 Rb8 21. Qxa7 Nh5 22. Nde2 Bg4 23. Rad1 Qh4 24. Rf1 Bf6 25.
Qf2 Bxe2 26. Qxh4 Bxh4 27. Nxe2 Rxe2 28. Kxh2 Bg3+ 29. Kh3 Bc7 30. Bf3 Nf4+ 31. Kg4 Re6 32. d4 Rg6+ 33. Kf5 Nh3 34. Bd5 Re8 0-1

[Event "*** Titled Tuesday Blitz"]
[Site "Chess.com"]
[Date "2020.10.20"]
[Round "3"]
[White "Legendinunknown"]
[Black "Morshynska"]
[Result "1-0"]
[WhiteElo "2597"]
[BlackElo "2249"]
[TimeControl "180+1"]
[EndTime "10:28:24 PDT"]
[Termination "Legendinunknown won on time"]

1. e4 e5 2. Nf3 Nc6 3. Nc3 Nf6 4.
g3 d5 5. exd5 Nxd5 6. Bg2 Nxc3 7. bxc3 Bd6 8. O-O O-O 9. Rb1 Ne7 10. d3 c6 11. Nd2 Rb8 12. Nc4 Bc7 13. Ba3 Be6 14. Ne3 Re8 15. Qc1 Bxa2 16. Ra1 Be6 17. Bxe7 Qxe7 18. Rxa7 Bb6 19. Ra1 Ra8 20. Qb2 Bc5 21.
d4 Bd6 22. Rfb1 Rxa1 23. Qxa1 Qc7 24. Qa7 Rb8 25. d5 cxd5 26. Bxd5 Qxc3 27. Bxe6 fxe6 28.
Rb6 Qc7 29. Nc4 Bc5 30. Rc6 Bxa7 31. Rxc7 Bd4 32. Na5 b5 33. Nc6 Ra8 34. Rb7 Ra1+ 35. Kg2 Rc1 36. Rc7 1-0

[Event "*** Titled Tuesday Blitz"]
[Site "Chess.com"]
[Date "2020.10.20"]
[Round "3"]
[White "Supernotar"]
[Black "fabianvivasz"]
[Result "0-1"]
[WhiteElo "2827"]
[BlackElo "2451"]
[TimeControl "180+1"]
[EndTime "10:28:25 PDT"]
[Termination "fabianvivasz won by checkmate"]

1. d3 Nf6 2. Nd2 e5 3. Ngf3 Nc6 4. g3 d5 5. Bg2 Be7 6. e4 O-O 7. O-O h6 8. Re1 dxe4 9. dxe4 a5 10. c3 Be6 11. Qc2 Bc5 12. h3 Qc8 13. g4 Nd7 14. Nf1 Ne7 15. Be3 Ng6 16. b3 b5 17. Rad1 a4 18. Ng3 axb3 19. axb3 Ra3 20. Nf5 Bxb3 21. Qb2 Bxd1 22. Bxc5 Bxf3 23. Bxf3 Nxc5 24. Qxa3 Ne6 25. h4 Qa8 26. Qb4 Qa6 27. h5 c5 28. Qb2 Ngf4 29.
Rd1 Ra8 30. Kh2 Qa4 31. Rd2 b4 32. cxb4 cxb4 33. Qxe5 Qa1 34. Qb5 Qc3 35. Qb7 Qxf3 36. Qxa8+ Kh7 37. Ne3 Qh3+ 38. Kg1 Ng5 39. f3 Nxf3+ 40.
Kf2 Nxd2 41. Qa5 Qf3+ 42. Ke1 Qe2# 0-1

[Event "*** Titled Tuesday Blitz"]
[Site "Chess.com"]
[Date "2020.10.20"]
[Round "3"]
[White "pastouche06"]
[Black "PauloCesarCosta_sad"]
[Result "0-1"]
[WhiteElo "2471"]
[BlackElo "2279"]
[TimeControl "180+1"]
[EndTime "10:28:25 PDT"]
[Termination "PauloCesarCosta_sad won by resignation"]

1. d4 d5 2. c4 c5 3. cxd5 Qxd5 4. Nf3 cxd4 5. Nc3 Qa5 6. Nxd4 Nf6 7. g3 e5 8. Nb3 Qb4 9. Bg2 Be6 10. Bd2 Bxb3 11.
axb3 Nc6 12. Nd5 Qd6 13. Nxf6+ Qxf6 14. O-O Rd8 15. Qc2 Nd4 16. Qc4 b5 17. Qd3 Bc5 18.
Bc3 O-O 19. Bxd4 Bxd4 20. Qxb5 Rb8 21. Qd3 Rfd8 22. Qe4 Qb6 23. e3 Bxb2 24. Rab1 Qxb3 25.
Qh4 a5 26. Be4 g6 27. Qe7 a4 28. Rxb2 Qxb2 29. Rb1 Qc3 30. Rxb8 Rxb8 31. Bd5 Rf8 32. e4 a3 33. h4 a2 0-1

[Event "*** Titled Tuesday Blitz"]
[Site "Chess.com"]
[Date "2020.10.20"]
[Round "3"]
[White "Barmen_EV"]
[Black "GM4life"]
[Result "1-0"]
[WhiteElo "2513"]
[BlackElo "2304"]
[TimeControl "180+1"]
[EndTime "10:28:26 PDT"]
[Termination "Barmen_EV won by resignation"]

1. d4 Nf6 2. c4 e6 3. Nc3 Bb4 4. e3 d5 5. a3 Bxc3+ 6. bxc3 O-O 7. cxd5 exd5 8. Bd3 c5 9. Ne2 Nc6 10. O-O Be6 11. f3 Re8 12. Ng3 Qd6 13. a4 b6 14.
Ba3 g6 15. Qd2 Rad8 16. e4 dxe4 17. fxe4 Nxd4 18. cxd4 Qxd4+ 19. Qf2 Qxf2+ 20. Rxf2 Ng4 21. Bb5 Re7 22. Re2 Ne5 23. Bb2 f6 24. Bxe5 fxe5 25. Nf1 Rd4 26. Nd2 Bg4 27. Rf2 Kg7 28. h3 Bc8 29.
Re1 a6 30. Bc4 Red7 31. Bd5 Rxa4 32. Bc6 Rad4 33. Bxd7 Bxd7 34. Nf3 Rd6 35. Nxe5 Be6 36. Rc1 Rd4 37. Nf3 Rxe4 38. Rb2 b5 39. Rxc5 Bc4 40.
Ne5 Be2 41. Rd2 a5 42. Rd7+ Kf6 43. Rd6+ Kf5 44. Nc6+ Kf4 45. Nxa5 Ke3 46. Nc6 Ra4 47. Re5+ Kf4 48. Rf6+ Kg3 49. Re3+ Kh4 50. Rxe2 1-0